 Dungeon Crawl Stone Soup version 0.27-a0-819-g058290f16d (webtiles) character file.

Game seed: 7666919823195733467

7 polve the Skirmisher (level 1, 0/18 HPs)
             Began as a Demonspawn Abyssal Knight on Mar 29, 2021.
             Was a Follower of Lugonu.
             Slain by a hobgoblin (5 damage)
             ... on level 1 of the Dungeon.
             The game lasted 00:00:12 (162 turns).

polve the Skirmisher (Demonspawn Abyssal Knight)     Turns: 162, Time: 00:00:12

Health: 0/18       AC:  3    Str: 12    XL:     1   Next: 83%
Magic:  2/2        EV: 11    Int: 13    God:    Lugonu [*.....]
Gold:   0          SH:  0    Dex: 12    Spells: 0/0 levels left

rFire    . . .     SeeInvis .   a - +1 falchion
rCold    . . .     Faith    .   (no shield)
rNeg     . . .     Spirit   .   b - +0 leather armour
rPois    .         Reflect  .   (no helmet)
rElec    .         Harm     .   (no cloak)
rCorr    .         Rampage  .   (no gloves)
Will     .....                  (no boots)
Stlth    +.........             (no amulet)
HPRegen  0.06/turn              (no ring)
MPRegen  0.08/turn              (no ring)

@: no status effects
A: no striking features
a: Renounce Religion, Depart the Abyss


You were on level 1 of the Dungeon.
You worshipped Lugonu.
Lugonu was aware of your devotion.
You visited 1 branch of the dungeon, and saw 1 of its levels.
You visited the Abyss 1 time.

Inventory:

Hand Weapons
 a - a +1 falchion (weapon)
Armour
 b - a +0 leather armour (worn)
Potions
 c - 2 potions of might {unknown}


   Skills:
 - Level 3.0 Fighting
 + Level 2.4 Long Blades
 - Level 1.7 Armour
 - Level 0.8 Dodging
 - Level 2.4 Invocations


You couldn't memorise any spells.
You didn't know any spells.
Your spell library was empty.

Dungeon Overview and Level Annotations

Branches:
Dungeon (1/15)

Altars:


Message History

The jackal is lightly wounded.
A jackal comes into view.
The jackal bites you but does no damage.
The jackal closely misses you.
You riposte.
You hit the jackal.
The jackal is almost dead.
The jackal moves out of view.
You barely miss the jackal.
The jackal is almost dead.
The jackal bites you but does no damage.
You hit the jackal.
You kill the jackal!
Lugonu accepts your kill.
The jackal bites you but does no damage.
You hit the jackal but do no damage. The jackal bites you.
* * * LOW HITPOINT WARNING * * *
A hobgoblin comes into view.
The hobgoblin shouts!
You hit the jackal.
The jackal is heavily wounded.
You hear a bark!
The jackal closely misses you. The jackal bites you.
* * * LOW HITPOINT WARNING * * *
You barely miss the jackal.
The jackal is heavily wounded.
The jackal bites you but does no damage.
A jackal comes into view.
You hit the jackal.
You kill the jackal!
Lugonu accepts your kill.
You swing at nothing.
You swing at nothing.
You hit the hobgoblin but do no damage. The hobgoblin closely misses you.
You riposte.
The jackal barks!
You hit the hobgoblin.
The hobgoblin is heavily wounded.
You closely miss the hobgoblin.
The hobgoblin is heavily wounded.
The hobgoblin hits you.
You die...

.#.###### #... #...
!...... #..# #... #....
#..# #<.8 #h.# #..#
#...
#..######.#..###...
#.........#..#.##'#
##h########........ #g#
######........ #@#
#.............
#.###.#####.......
###................#
#..........#######...##
############ #####


You could see 2 jackals and a hobgoblin.

Vanquished Creatures
  4 jackals (D:1)
  A frilled lizard (D:1)
  A goblin (D:1)
6 creatures vanquished.

Notes
Turn   | Place    | Note
-------+----------+-------------------------------------------
     0 | Abyss:1  | polve the Demonspawn Abyssal Knight began the quest for the
                  | Orb.
     0 | Abyss:1  | Reached XP level 1. HP: 18/18 MP: 2/2
    90 | Abyss:1  | Noticed a neqoxec
    91 | D:1      | Escaped the Abyss
   142 | D:1      | Reached * piety under Lugonu
   162 | D:1      | Slain by a hobgoblin

Illustrated notes

Levels and vault maps discovered:
D:1:      minmay_arrival_solitary_statue, layout_loops_ring

Skill      XL: |  1 |
---------------+----+-----
Long Blades    | 2 |  2.4
Fighting       | |  3.0
Armour         | |  1.7
Dodging        | |  0.8
Invocations    | |  2.4

Action                   || total
-------------------------++-------
Melee: Falchion          ||    21
Invok: Depart the Abyss  ||     1
Armor: Leather armour    ||     8
Dodge: Dodged            ||     7
       Rpst.: Falchion   ||     3

Table legend: (Time is in decaauts)
 A = Elapsed time spent in this place.
 B = Non-inter-level travel time spent in this place.
 C = Inter-level travel time spent in this place.
 D = Time resting spent in this place.
 E = Time spent auto-exploring this place.
 F = Levels seen in this place.
 G = Mean time per level.
                   A        B        C        D        E       F      G
               +--------+--------+--------+--------+--------+-----+--------+
         Total |    166 |    166 |      0 |      0 |    127 |   2 |   83.0 |
       Dungeon |     75 |     75 |      0 |      0 |     37 |   1 |   75.0 |
         Abyss |     91 |     91 |      0 |      0 |     90 |   1 |   91.0 |
               +--------+--------+--------+--------+--------+-----+--------+

Top non-repeatable levels by time:
 Abyss:1: 91 daAuts
     D:1: 75 daAuts
